 Dungeon Crawl Stone Soup version 0.22-a0-161-g198051c (webtiles) character file.

18 wolfsongas the Ruffian (level 2, -8/29 HPs)
             Began as a Troll Monk on Feb 11, 2018.
             Mangled by a hobgoblin
             ... wielding a +0 club
             ... led by Robin
              (12 damage)
             ... on level 2 of the Dungeon.
             The game lasted 00:01:06 (564 turns).

wolfsongas the Ruffian (Troll Monk)                  Turns: 564, Time: 00:01:06

Health: -8/29      AC:  5    Str: 18    XL:     2   Next: 51%
Magic:  1/1        EV: 10    Int:  6    God:
Gold:   47         SH:  0    Dex: 12    Spells: 1/1 levels left

rFire    . . .     SeeInvis .     - Unarmed
rCold    . . .     Gourm    +   (no shield)
rNeg     . . .     Faith    .   a - +0 robe
rPois    .         Spirit   .   (helmet restricted)
rElec    .         Reflect  .   (no cloak)
rCorr    .         Harm     .   (gloves unavailable)
MR       .....                  (boots unavailable)
Stlth    ++........             d - amulet of magic regeneration
HPRegen  0.49/turn              f - -2 ring of slaying (curse)
MPRegen  0.32/turn              (no ring)

@: very slightly contaminated
A: large, unfitting armour, claws 3, fast metabolism 3, gourmand, regeneration
1, shaggy fur 1, tough skin 2
a: no special abilities


You were on level 2 of the Dungeon.
You were not hungry.

You visited 1 branch of the dungeon, and saw 2 of its levels.

You collected 47 gold pieces.

Inventory:

Armour
 a - a +0 robe (worn)
Jewellery
 d - an amulet of magic regeneration (around neck)
 f - a cursed -2 ring of slaying (left claw)
Potions
 j - a potion of curing
Comestibles
 b - 3 rations


   Skills:
 - Level 2.4 Fighting
 - Level 2.4 Dodging
 - Level 1.0 Stealth
 * Level 3.9 Unarmed Combat


You had one spell level left.
You didn't know any spells.

Dungeon Overview and Level Annotations

Branches:
Dungeon (2/15)

Altars:

Annotations:
D:2 Robin


Innate Abilities, Weirdness & Mutations

You are too large for most types of armour.
You have claws for hands.
Your metabolism is lightning-fast.
You like to eat raw meat.
Your natural rate of healing is unusually fast.
You are covered in fur. (AC +1)
You have very tough skin. (AC +2)


Message History

Robin hits you but does no damage. The goblin barely misses you.
The goblin hits you but does no damage. The hobgoblin closely misses you.
The hobgoblin barely misses you. The hobgoblin closely misses you.
You claw the worm!
The worm is severely wounded.
The goblin misses you. The kobold closely misses you. The goblin misses you.
The goblin barely misses you. The hobgoblin barely misses you.
The hobgoblin hits you but does no damage. x2
You barely miss the worm.
The worm is severely wounded.
Robin hits you but does no damage. The worm bites you but does no damage.
The kobold hits you but does no damage. The goblin misses you.
The goblin hits you but does no damage. The goblin hits you.
You barely miss the worm.
The worm is severely wounded.
The hobgoblin hits you but does no damage.
The hobgoblin hits you with a club!
* * * LOW HITPOINT WARNING * * *
The hobgoblin hits you with a club!
You die...

#......#
#......#
#......#
#>.....#
#......#
#......####+##
#..ggg.....#
#.bw@Kg....#
#....gggg....#
#.....ggg....#
#............#
#...........?#
#......$.....#
..##..........#
.. #..........#


You could see a worm, Robin, 6 hobgoblins, 4 goblins, a bat and a kobold.

Vanquished Creatures
  3 bats
  4 goblins
  3 hobgoblins (D:1)
  A ball python (D:1)
  A frilled lizard (D:1)
  A kobold (D:1)
  6 rats (D:1)
19 creatures vanquished.

Notes
Turn   | Place    | Note
-------+----------+-------------------------------------------
     0 | D:1      | wolfsongas the Troll Monk began the quest for the Orb.
     0 | D:1      | Reached XP level 1. HP: 22/22 MP: 0/0
   226 | D:1      | Reached XP level 2. HP: 29/29 MP: 1/1
   550 | D:2      | Noticed Robin
   564 | D:2      | Mangled by a hobgoblin

Vault maps used:
D:1:      nicolae_arrival_washed_ashore, roderic_roman_lattice,
          serial_park_tiny_pond, minmay_tripent
D:2:      overflow_temple_1_default, uniq_robin, uniq_jessica, uniq_sigmund,
          uniq_crazy_yiuf_cottage

Action                   || total
-------------------------++-------
Melee: Unarmed           ||    45
  Use: Scroll            ||     6
       Potion            ||     1
 Stab: Sleeping          ||     4
  Eat: Chunk             ||     5
Armor: Robe              ||    29
Dodge: Dodged            ||    71

Table legend:
 A = Spawn XP
 B = Non-spawn XP
 C = Spawn XP percentage of total XP
 D = Spawn monster count
 E = Non-spawn monster count
 F = Spawn count percentage of total count
 G = Total turns spent on level
                    A         B        C        D         E        F      G
               +---------+---------+-------+---------+---------+-------+---------
         Total |       0 |      27 |   0.0 |       0 |      19 |   0.0 |   564
               +---------+---------+-------+---------+---------+-------+---------
           D:1 |       0 |      24 |   0.0 |       0 |      17 |   0.0 |   550
           D:2 |       0 |       3 |   0.0 |       0 |       2 |   0.0 |    14
               +---------+---------+-------+---------+---------+-------+---------
